 Dungeon Crawl Stone Soup version 0.32-a0-607-g64ea0e4219 (webtiles) character file.

Game seed: 13986376557041036042

2762 SweBe the Basher (level 9, -1/78 HPs)
             Began as a Minotaur Fighter on Mar 4, 2024.
             Was a Follower of Uskayaw.
             Slain by a hornet (12 damage)
             ... on level 8 of the Dungeon.
             The game lasted 00:39:44 (6034 turns).

SweBe the Basher (Minotaur Fighter)                 Turns: 6034, Time: 00:39:45

Health: -1/78      AC: 11    Str: 24    XL:     9   Next: 42%
Magic:  8/8        EV: 11    Int:  7    God:    Uskayaw [*.....]
Gold:   357        SH:  5    Dex:  9    Spells: 8/8 levels left

rFire   . . .        a - +0 flail
rCold   . . .        c - +0 buckler
rNeg    . . .        b - +0 scale mail
rPois   .            (helmet restricted)
rElec   .            (no cloak)
rCorr   .            h - +1 pair of gloves
SInv    .            k - +0 pair of boots
Will    .....        n - amulet of the acrobat
Stlth   +            (no ring)
HPRegen 0.33/turn    (no ring)
MPRegen 0.11/turn

%: acrobat
@: slowed, very slow
A: horns 2, retaliatory headbutt
a: Renounce Religion, Stomp


You were on level 8 of the Dungeon.
You worshipped Uskayaw.
Uskayaw was noncommittal.
You visited 1 branch of the dungeon, and saw 8 of its levels.

You collected 357 gold pieces.

Inventory:

Hand Weapons
 a - a +0 flail (weapon)
 f - a +0 club
 m - a +1 antimagic dagger
 q - a +0 dagger of draining
Armour
 b - a +0 scale mail (worn)
 c - a +0 buckler (worn)
 e - a +0 robe
 h - a +1 pair of gloves (worn)
 k - a +0 pair of boots (worn)
 u - a +1 leather armour of poison resistance
Jewellery
 n - an amulet of the acrobat (around neck)
Talismans
 p - a flux talisman
Wands
 i - a wand of flame (37)
Scrolls
 d - a scroll of enchant weapon {unknown}
 l - 2 scrolls of noise
 o - 2 scrolls of vulnerability
 t - a scroll of acquirement {unknown}
 v - a scroll of brand weapon {unknown}
 w - a scroll of butterflies {unknown}
Potions
 g - 4 potions of enlightenment
 r - 4 potions of lignification {unknown}


   Skills:
 + Level 6.9 Fighting
 + Level 9.8 Maces & Flails
 + Level 8.1 Armour
 + Level 3.7 Dodging
 + Level 2.8 Stealth
 + Level 6.2 Shields
 + Level 0.4 Evocations


You had 8 spell levels left.
You didn't know any spells.
Your spell library contained the following spells:

 Spells                   Type           Power      Damage    Failure   Level
 Kiss of Death            Conj/Necr      0%         2d5       75%         1
 Slow                     Hex            0%         N/A       75%         1
 Sting                    Conj/Alch      0%         1d3       75%         1
 Mercury Vapours          Alch/Air       0%         N/A       87%         2
 Confusing Touch          Hex            0%         N/A       98%         3
 Sigil of Binding         Hex            0%         N/A       98%         3
 Vampiric Draining        Necr           0%         2d6       98%         3
 Volatile Blastmotes      Fire/Tloc      0%         2d10      98%         3
 Dispel Undead            Necr           0%         3d6       100%        4
 Fulminant Prism          Conj/Alch      0%         3d5       100%        4
 Iskenderun's Mystic Bla  Conj/Tloc      0%         2d3       100%        4
 Olgreb's Toxic Radiance  Alch           0%         N/A       100%        4


Dungeon Overview and Level Annotations

Branches:
Dungeon (8/15)             Temple (0/1) D:4
   Lair: D:8-11

Altars:
Fedhas
Kikubaaqudgha
Qazlal
Uskayaw
Vehumet


Innate Abilities, Weirdness & Mutations

You have a pair of horns on your head.
You reflexively headbutt those who attack you in melee.


Message History

You barely miss the hornet.
The hornet is lightly wounded.
You feel sick. The hornet closely misses you.
The hornet stings you but does no damage.
You hit the hornet.
The hornet is moderately wounded.
You feel sick. You block the hornet's attack. The hornet stings you.
You are more poisoned.
You feel as though you will be slow longer.
You barely miss the hornet. Your headbutt misses the hornet.
The hornet is lightly wounded.
You feel very sick. The hornet stings you!
* * * LOW HITPOINT WARNING * * *
You feel as though you will be slow longer.
The hornet stings you.
* * * LOW HITPOINT WARNING * * *
You are lethally poisoned!
You feel as though you will be slow longer.
You feel better. You block the hornet's attack. x2
You closely miss the hornet. Your headbutt misses the hornet.
The hornet is lightly wounded.
You block the hornet's attack. x2
You barely miss the hornet.
You headbutt the hornet, but do no damage.
The hornet is lightly wounded.
You block the hornet's attack. The hornet stings you!
* * * LOW HITPOINT WARNING * * *
You feel as though you will be slow longer.
You thump the hornet!
The hornet is heavily wounded.
The hornet stings you.
* * * LOW HITPOINT WARNING * * *
You feel as though you will be slow longer.
The hornet misses you. You furiously retaliate!
You headbutt the hornet! You closely miss the hornet.
The hornet is almost dead.
The hornet stings you!
You die...
Your body falls in perfect tune with the rhythm.

.##.............### #
..................##!#
......................
###.#.#.####.#.....#
.............#..#
###.#.#.###..#).#
................# .
..........#..#..####....
#.........+.....@y....#
..........#.....####..#
....................
###.......#.....####
.....#####.~...# #....
....~..# .....~~..
#.#..~~... #.#.....###


You could see a hornet.

Vanquished Creatures
  Pikel (D:8)
  Sigmund (D:4)
  Eustachio (D:4)
  An ice beast (D:8)
  2 sky beasts
  3 black bears
  2 orc warriors (D:7)
  An ogre (D:5)
  3 lemures (D:8)
  4 phantoms
  2 scorpions (D:5)
  3 vampire bats (D:7)
  2 howler monkeys
  2 jellies
  3 orc priests (D:7)
  A gnoll bouda (D:6)
  5 hounds
  2 sleepcaps
  2 orc wizards
  4 gnolls (D:6)
  4 adders
  A shadow imp (D:7)
  A white imp (D:7)
  2 dart slugs
  2 ribbon worms
  17 orcs
  3 ball pythons
  4 bat skeletons (D:7)
  2 bat zombies (D:7)
  4 endoplasms
  3 giant cockroaches
  7 goblins
  5 hobgoblins
  10 kobolds
  4 quokkas
  6 bats
  4 frilled lizards (D:1)
  4 rats
128 creatures vanquished.

Notes
Turn   | Place    | Note
-------+----------+-------------------------------------------
     0 | D:1      | SweBe the Minotaur Fighter began the quest for the Orb.
     0 | D:1      | Reached XP level 1. HP: 19/19 MP: 0/0
  1077 | D:1      | Reached XP level 2. HP: 25/27 MP: 1/1
  1579 | D:1      | Reached XP level 3. HP: 33/33 MP: 2/2
  2032 | D:2      | Reached skill level 3 in Maces & Flails
  2130 | D:2      | Found a hide-covered altar of Uskayaw.
  2154 | D:2      | Became a worshipper of Uskayaw the Reveller
  2179 | D:2      | Reached * piety under Uskayaw
  2182 | D:2      | Reached ** piety under Uskayaw
  2424 | D:3      | Reached XP level 4. HP: 39/39 MP: 3/3
  2490 | D:3      | Found a radiant altar of Vehumet.
  2493 | D:3      | Found a stormy altar of Qazlal.
  2557 | D:4      | Noticed a phantom
  2573 | D:4      | Killed a phantom
  2573 | D:4      | Reached *** piety under Uskayaw
  2574 | D:4      | Reached skill level 4 in Maces & Flails
  2574 | D:4      | Reached XP level 5. HP: 33/47 MP: 4/4
  2641 | D:4      | Noticed Sigmund
  2642 | D:4      | Noticed a phantom
  2662 | D:4      | Killed a phantom
  2663 | D:4      | Reached skill level 5 in Armour
  2663 | D:4      | Reached skill level 1 in Dodging
  2668 | D:4      | Killed Sigmund
  2668 | D:4      | Reached **** piety under Uskayaw
  2669 | D:4      | Reached skill level 5 in Maces & Flails
  2669 | D:4      | Reached XP level 6. HP: 33/53 MP: 5/5
  2801 | D:4      | Noticed Eustachio
  2819 | D:4      | Killed Eustachio
  2820 | D:4      | Reached skill level 1 in Stealth
  2908 | D:4      | Reached XP level 7. HP: 60/60 MP: 6/6
  3035 | D:4      | Found a staircase to the Ecumenical Temple.
  3037 | D:4      | Reached skill level 5 in Fighting
  3124 | D:4      | Reached skill level 5 in Shields
  3167 | D:4      | Reached skill level 6 in Maces & Flails
  3348 | D:4      | Found a blossoming altar of Fedhas.
  3589 | D:5      | Entered Level 5 of the Dungeon
  3857 | D:5      | Reached XP level 8. HP: 69/69 MP: 7/7
  3936 | D:5      | Reached skill level 7 in Maces & Flails
  4654 | D:6      | Reached skill level 8 in Maces & Flails
  5466 | D:7      | Found an ancient bone altar of Kikubaaqudgha.
  5472 | D:7      | Reached XP level 9. HP: 78/78 MP: 8/8
  5474 | D:7      | Reached skill level 9 in Maces & Flails
  5814 | D:8      | Noticed Pikel
  5818 | D:8      | Reached ***** piety under Uskayaw
  5848 | D:8      | Killed Pikel
  5851 | D:8      | Reached ****** piety under Uskayaw
  6034 | D:8      | Slain by a hornet

Illustrated notes

Levels and vault maps discovered:
D:1:      minmay_arrival_stair_chambers, layout_rooms, minmay_hedge_maze
D:2:      layout_loops_cross, basic_altar, corexii_hall_statues_u
D:3:      layout_loops_ring, nicolae_overflow_hidden_temple
D:4:      layout_loops_cross, lemuel_round_altar,
          minmay_temple_entry_gardened_gates, kennysheep_boxes, uniq_eustachio,
          uniq_sigmund
D:5:      layout_rooms, abandoned_shop
D:6:      layout_basic
D:7:      layout_rooms, kennysheep_vampire_church
D:8:      layout_basic, uniq_pikel

Skill      XL: |  1  2  3  4  5  6  7  8  9 |
---------------+----------------------------+-----
Armour         | 4 5 6 7 8 |  8.1
Fighting       | 4 5 6 |  6.9
Maces & Flails | 3 4 5 6 8 9 |  9.8
Shields        | 4 5 6 |  6.2
Dodging        | 1 2 3 |  3.7
Stealth        | 1 2 |  2.8
Evocations     | |  0.4

Action                     |  1- 3 |  4- 6 |  7- 9 || total
---------------------------+-------+-------+-------++-------
  Melee: Flail             |    81 |    40 |   267 ||   388
         Headbutt          |    13 |     7 |    45 ||    65
  Evoke: Wand              |       |       |     4 ||     4
    Use: Scroll            |     1 |     2 |     6 ||     9
         Potion            |       |     2 |     3 ||     5
   Stab: Paralysed         |       |     1 |     8 ||     9
 Armour: Scale mail        |    65 |    29 |   195 ||   289
  Dodge: Dodged            |    45 |    24 |   154 ||   223
  Block: Buckler           |    23 |     7 |    58 ||    88

Table legend: (Time is in decaauts)
 A = Elapsed time spent in this place.
 B = Non-inter-level travel time spent in this place.
 C = Inter-level travel time spent in this place.
 D = Time resting spent in this place.
 E = Time spent auto-exploring this place.
 F = Levels seen in this place.
 G = Mean time per level.
                   A        B        C        D        E       F      G
               +--------+--------+--------+--------+--------+-----+--------+
         Total |   6079 |   5795 |    284 |   1494 |   2614 |   8 |  759.9 |
       Dungeon |   6079 |   5795 |    284 |   1494 |   2614 |   8 |  759.9 |
               +--------+--------+--------+--------+--------+-----+--------+

Top non-repeatable levels by time:
     D:1: 1734 daAuts
     D:4: 1074 daAuts
     D:6: 921 daAuts
     D:7: 790 daAuts
     D:2: 709 daAuts
     D:5: 490 daAuts
     D:8: 253 daAuts
     D:3: 106 daAuts
